 Dungeon Crawl Stone Soup version 0.27.1 (webtiles) character file.

Game seed: 7081339974729130741

130 Malachi the Poker (level 4, -5/36 HPs)
             Began as a Demonspawn Monk on Aug 25, 2021.
             Was a Believer of Qazlal.
             Slain by a gnoll (11 damage)
             ... on level 3 of the Dungeon.
             The game lasted 00:03:42 (5543 turns).

Malachi the Poker (Demonspawn Monk)                 Turns: 5543, Time: 00:03:43

Health: -5/36      AC:  3    Str: 13    XL:     4   Next: 89%
Magic:  1/5        EV: 12    Int: 11    God:    Qazlal [**....]
Gold:   140        SH:  3    Dex: 15    Spells: 3/3 levels left

rFire    . . .     SeeInvis .   a - +0 spear
rCold    . . .     Faith    .   (no shield)
rNeg     . . .     Spirit   .   b - +0 robe
rPois    .         Reflect  .   (no helmet)
rElec    .         Harm     .   (no cloak)
rCorr    .         Rampage  .   (no gloves)
Will     .....                  (no boots)
Stlth    ++........             (no amulet)
HPRegen  0.12/turn              (no ring)
MPRegen  0.09/turn              (no ring)

@: no status effects
A: rugged brown scales 1
a: Renounce Religion, Upheaval


You were on level 3 of the Dungeon.
You worshipped Qazlal.
Qazlal was pleased with you.
You visited 1 branch of the dungeon, and saw 3 of its levels.

You collected 140 gold pieces.

Inventory:

Hand Weapons
 a - a +0 spear (weapon)
Armour
 b - a +0 robe (worn)
Scrolls
 c - 2 scrolls of identify
 d - a scroll of noise
 h - a scroll of torment {unknown}
Potions
 e - a potion of heal wounds
 f - a potion of flight {unknown}
 g - a potion of degeneration {unknown}


   Skills:
 - Level 3.0 Fighting
 * Level 4.9 Polearms
 - Level 2.6 Dodging
 - Level 1.7 Stealth
 * Level 1.7 Invocations


You had 3 spell levels left.
You didn't know any spells.
Your spell library contained the following spells:

 Spells                   Type           Power      Damage    Failure   Level
 Alistair's Intoxication  Tmut/Pois      0%         N/A       100%        5
 Borgnjor's Vile Clutch   Necr/Erth      0%         N/A       100%        5
 Eringya's Noxious Bog    Tmut/Pois      0%         N/A       100%        6


Dungeon Overview and Level Annotations

Branches:
Dungeon (3/15)

Altars:
Kikubaaqudgha
Qazlal
The Shining One


Innate Abilities, Weirdness & Mutations

You are partially covered in rugged brown scales. (AC +1, +3% HP)


Message History

You see here a ball python corpse.
You hear a shout!
You hear a shout! x2
The gnoll shouts!
The gnoll hits you from afar with a +0 spear.
You reach to attack!
You closely miss the gnoll. The gnoll barely misses you.
You reach to attack!
You hit the gnoll.
The gnoll is moderately wounded.
You reach to attack!
You hit the gnoll but do no damage.
The gnoll is moderately wounded.
The gnoll barely misses you.
You reach to attack!
You closely miss the gnoll.
The gnoll is moderately wounded.
The gnoll hits you from afar with a +0 spear!
You reach to attack!
You closely miss the gnoll.
The gnoll is moderately wounded.
The gnoll hits you from afar with a +0 spear.
You reach to attack!
You hit the gnoll but do no damage.
The gnoll is moderately wounded.
The gnoll misses you.
Unknown command.
Aiming: Upheaval
Press: ? - help, Dir - move target, f/p - gnoll
Aim: a gnoll, wielding a +0 spear (moderately wounded)
You fail to use your ability.
The gnoll hits you from afar with a +0 spear.
Unknown command.
Aiming: Upheaval
Press: ? - help, Dir - move target, f/p - gnoll
Aim: a gnoll, wielding a +0 spear (moderately wounded)
A blizzard blasts the area with ice!
The blast of ice hits the gnoll!
You kill the gnoll!
Qazlal accepts your kill. You block the gnoll's attack.
Unknown command.
The gnoll hits you with a +0 halberd!
* * * LOW HITPOINT WARNING * * *
The gnoll hits you from afar with a +0 halberd!
You die...

#....§..§§........######.#.#
##.###...........##.#.#
##########.....>..........#.#.#
#......................#....#..
#.#####...........g............
#.#............)..g.<#.........
#..............g#########......
####.##............g....#......
#.##.......@#######.........
#.##........# #.......##
#.##........# #.......#
#.##........# #.......##
#.##.###.#### ###........#
#.##.....#### #.'........#
##...........#####.#........#
#........###.......#.........
#.######.# #.....(.#......#.#


You could see 2 gnolls.

Vanquished Creatures
  2 gnolls (D:3)
  4 adders
  2 worms (D:2)
  3 dart slugs
  7 endoplasms
  3 giant cockroaches
  3 goblins
  5 hobgoblins
  3 jackals
  2 quokkas
  8 ball pythons
  9 bats
  3 frilled lizards
  3 kobolds
  7 rats
64 creatures vanquished.

Vanquished Creatures (others)
  A fungus (D:1)
1 creature vanquished.

Grand Total: 65 creatures vanquished

Notes
Turn   | Place    | Note
-------+----------+-------------------------------------------
     0 | D:1      | Malachi the Demonspawn Monk began the quest for the Orb.
     0 | D:1      | Reached XP level 1. HP: 18/18 MP: 1/1
   333 | D:1      | Reached skill level 3 in Polearms
   478 | D:1      | Gained mutation: You are partially covered in rugged brown
                  | scales. (AC +1, +3% HP) [demonic ancestry]
   478 | D:1      | Reached XP level 2. HP: 10/24 MP: 2/2
   942 | D:1      | Found a faded altar of an unknown god.
  1722 | D:2      | Reached XP level 3. HP: 28/29 MP: 3/3
  1744 | D:2      | Reached skill level 4 in Polearms
  2306 | D:2      | Reached XP level 4. HP: 10/36 MP: 4/4
  3893 | D:1      | Became a worshipper of Qazlal Stormbringer
  3893 | D:1      | Reached * piety under Qazlal
  3893 | D:1      | Reached ** piety under Qazlal
  4016 | D:3      | Reached skill level 1 in Invocations
  5422 | D:3      | Found an ancient bone altar of Kikubaaqudgha.
  5543 | D:3      | Slain by a gnoll

Illustrated notes

Levels and vault maps discovered:
D:1:      co_arrival_random_square_maze, layout_loops_ring,
          shapermc_ecumenical_altar_gd, grunt_decor_one_mirror
D:2:      layout_rooms, minmay_indecisive_spiral
D:3:      layout_basic, old_standard_altar, nicolae_kikubaaqudgha_miasma_corner

Skill      XL: |  1  2  3  4 |
---------------+-------------+-----
Polearms       | 3 4 |  4.9
Invocations    | 1 |  1.7
Fighting       | |  3.0
Dodging        | |  2.6
Stealth        | |  1.7

Action                   |  1- 3 |  4- 6 || total
-------------------------+-------+-------++-------
Melee: Spear             |   166 |   136 ||   302
Invok: Upheaval          |       |     1 ||     1
  Use: Scroll            |       |     5 ||     5
 Stab: Sleeping          |     9 |     1 ||    10
Armor: Robe              |    26 |    20 ||    46
Dodge: Dodged            |    79 |    91 ||   170
Block: Other             |       |     6 ||     6
